 Dungeon Crawl Stone Soup version 0.29.1-15-g9cfb28693d (webtiles) character file.

Game seed: 1865655064331825807

78 booth the Chopper (level 4, 0/34 HPs)
             Began as a Demonspawn Gladiator on Apr 9, 2023.
             Slain by a gnoll
             ... wielding a +0 halberd
              (12 damage)
             ... on level 2 of the Dungeon.
             The game lasted 00:07:30 (1607 turns).

booth the Chopper (Demonspawn Gladiator)            Turns: 1607, Time: 00:07:31

Health: 0/34       AC:  4    Str: 16    XL:     4   Next: 15%
Magic:  4/4        EV:  6    Int: 12    God:
Gold:   62         SH:  0    Dex: 14    Spells: 3/3 levels left

rFire   . . .      SeeInvis .   a - +2 war axe
rCold   . . .      Faith    .   (no shield)
rNeg    . . .      Spirit   .   b - +0 leather armour
rPois   .          Reflect  .   c - +0 helmet
rElec   .          Harm     .   (no cloak)
rCorr   .          Rampage  .   (no gloves)
Will    .....                   (no boots)
Stlth   +.........              (no amulet)
HPRegen 0.11/turn               (no ring)
MPRegen 0.09/turn               (no ring)

@: held
A: ignite blood 1, big brain 1
a: no special abilities


You were on level 2 of the Dungeon.
You visited 1 branch of the dungeon, and saw 2 of its levels.

You collected 62 gold pieces.

Inventory:

Hand Weapons
 a - a +2 war axe (weapon)
 l - a +0 flail
Missiles
 d - 3 throwing nets (quivered)
 e - a javelin
Armour
 b - a +0 leather armour (worn)
 c - a +0 helmet (worn)
Scrolls
 f - 2 scrolls of identify {unknown}
 h - a scroll of noise {unknown}
 k - a scroll of fog {unknown}
Potions
 g - a potion of degeneration {unknown}
 i - a potion of flight {unknown}
 j - 2 potions of curing {unknown}
 m - a potion of lignification {unknown}
 o - a potion of might {unknown}
 q - a potion of magic


   Skills:
 + Level 2.4 Fighting
 * Level 3.4 Axes
 + Level 2.3 Throwing
 + Level 1.1 Armour
 + Level 3.0 Dodging


You had 3 spell levels left.
You didn't know any spells.
Your spell library was empty.

Dungeon Overview and Level Annotations

Branches:
Dungeon (2/15)

Altars:


Innate Abilities, Weirdness & Mutations

Your demonic aura sometimes causes spilled blood to erupt in flames.
You have an unusually large brain. (Int +2)


Message History

The gnoll shouts!
A gnoll comes into view. It is wielding a +0 club.
You slash the gnoll!
The gnoll is almost dead.
The gnoll closely misses you.
You barely miss the gnoll.
The gnoll is almost dead.
The gnoll barely misses you.
You hit the gnoll.
You kill the gnoll!
You have reached level 4!
You feel clever.
Things that are here:
a +0 whip; a gnoll corpse
Things that are here:
a +0 whip; a gnoll corpse A gnoll comes into view.
It is wielding a +0 halberd.
Things that are here:
a +0 whip; a gnoll corpse
Things that are here:
a +0 whip; a gnoll corpse The gnoll shouts!
The gnoll shouts!
The gnoll attacks as you move away! The gnoll hits you with a +0 club.
Things that are here:
a +0 whip; a gnoll corpse You hit the gnoll.
The gnoll is moderately wounded.
The gnoll hits you with a +0 club.
You slash the gnoll!
You kill the gnoll!
The gnoll throws a throwing net.
The throwing net hits you.
You become entangled in the net!
Things that are here:
a throwing net; a +0 whip; a gnoll corpse You struggle against the net.
The gnoll hits you from afar with a +0 halberd!
You struggle against the net.
The gnoll hits you from afar with a +0 halberd!
You die...

#####################
...##...........@)g.#
..............>####.#
##.#...†.........##.#
##.#..########.#......
##.#..# #.####...
##.#... #.# #g...
.#.##.#. #+# #.....
......#.# #.....#
#..#### #


You could see a gnoll.

Vanquished Creatures
  2 gnolls (D:2)
  An adder (D:2)
  A worm (D:2)
  3 dart slugs
  3 ball pythons
  4 endoplasms
  A giant cockroach (D:1)
  5 goblins
  2 hobgoblins (D:2)
  2 jackals (D:2)
  3 quokkas (D:1)
  4 bats
  3 frilled lizards
  A kobold (D:1)
  5 rats
40 creatures vanquished.

Notes
Turn   | Place    | Note
-------+----------+-------------------------------------------
     0 | D:1      | booth the Demonspawn Gladiator began the quest for the Orb.
     0 | D:1      | Reached XP level 1. HP: 16/16 MP: 1/1
   403 | D:1      | Gained mutation: You have an unusually large brain. (Int
                  | +2) [demonic ancestry]
   403 | D:1      | Reached XP level 2. HP: 22/22 MP: 2/2
  1024 | D:2      | Gained mutation: Your demonic aura sometimes causes spilled
                  | blood to erupt in flames. [demonic ancestry]
  1024 | D:2      | Reached XP level 3. HP: 20/27 MP: 3/3
  1341 | D:2      | Reached skill level 1 in Armour
  1587 | D:2      | Reached XP level 4. HP: 34/34 MP: 4/4
  1607 | D:2      | Slain by a gnoll

Illustrated notes

Levels and vault maps discovered:
D:1:      minmay_arrival_three_doors, layout_loops_ring
D:2:      layout_basic, hellmonk_ecumenical_altar_crossroads, minmay_vboxes

Skill      XL: |  1  2  3 |
---------------+----------+-----
Axes           | 3 |  3.4
Throwing       | 2 |  2.3
Dodging        | 3 |  3.0
Armour         | 1 |  1.1
Fighting       | |  2.4

Action                   |  1- 3 |  4- 6 || total
-------------------------+-------+-------++-------
Melee: War axe           |    93 |     2 ||    95
       Punch             |     1 |       ||     1
  Use: Scroll            |     6 |       ||     6
       Potion            |     1 |       ||     1
Armor: Leather armour    |    26 |       ||    26
Dodge: Dodged            |    71 |       ||    71
